Map: Dusk Towers

Players

WildCatBrown

  • Race: Protoss Protoss

Thermopile - Winner!

  • Race: Zerg Zerg
  • League: Bronze

VOD

Have the link to the VOD?

Description

Time

  • Played on: Dec. 20, 2015, 9:05 a.m.
  • Length: 7:21
Show
View Real Time Build Order
Export as new Build Order

WildCatBrown Protoss 

Build Orders: 1 Gate Expand, Blink Stalkers 

Get SALT Encoding   

  12  0:01  Probe (Chrono Boost)  
  13  0:12  Probe (Chrono Boost)  
  14  0:24  Probe (Chrono Boost)  
  15  0:28  Pylon  
  15  0:34  Assimilator  
  15  0:46  Probe (Chrono Boost)  
  16  0:50  Gateway  
  17  0:57  Probe (Chrono Boost)  
  17  1:07  Probe (Chrono Boost)  
  18  1:18  Probe (Chrono Boost)  
  19  1:29  Nexus  
  19  1:33  Probe (Chrono Boost)  
  20  1:46  Probe (Chrono Boost)  
  21  1:50  Cybernetics Core  
  21  1:56  Probe (Chrono Boost)  
  22  2:06  Pylon  
  23  2:08  Probe (Chrono Boost)  
  23  2:24  Probe (Chrono Boost)  
  23  2:25  Gateway  
  24  2:35  Probe (Chrono Boost)  
  25  2:47  Twilight Council  
  25  2:50  Probe (Chrono Boost)  
  25  2:52  Probe (Chrono Boost)  
  25  2:56  Warp Gate (Chrono Boost)  
  26  3:03  Adept  
  26  3:04  Assimilator  
  28  3:06  Probe (Chrono Boost)  
  28  3:08  Probe (Chrono Boost)  
  30  3:14  Pylon  
  30  3:17  Probe (Chrono Boost)  
  31  3:20  Probe (Chrono Boost)  
  31  3:21  Assimilator  
  31  3:26  Assimilator  
  32  3:27  Probe (Chrono Boost)  
  32  3:30  Stalker x2  
  37  3:40  Blink (Chrono Boost)  
  37  3:41  Probe (Chrono Boost)  
  37  3:42  Probe (Chrono Boost)  
  39  3:53  Probe x2  
  41  4:03  Probe  
  41  4:05  Probe  
  43  4:14  Probe  
  43  4:15  Stalker  
  46  4:17  Stalker  
  46  4:18  Probe  
  49  4:24  Probe  
  49  4:26  Pylon  
  50  4:34  Probe  
  50  4:35  Probe  
  50  4:37  Forge  
  52  4:46  Probe  
  53  5:00  Probe  
  54  5:12  Probe  
  55  5:19  Nexus  
  55  5:23  Assimilator  
  55  5:28  Assimilator  
  55  5:31  Pylon  
  55  5:34  Pylon  
  53  5:40  Zealot  
  53  5:41  Zealot  
  57  5:49  Mothership Core (Chrono Boost)  
  55  5:51  Gateway  
  33  6:33  Photon Cannon  
  33  6:38  Stalker  
  33  6:39  Stalker, Photon Cannon  
  33  7:16  Pylon  
Show
View Real Time Build Order
Export as new Build Order

Thermopile Zerg - Winner!

Build Orders: Pool First 

Get SALT Encoding   

  12  0:01  Drone  
  13  0:12  Overlord  
  13  0:17  Drone  
  14  0:38  Spawning Pool  
  14  0:41  Extractor  
  12  0:44  Drone x2  
  12  0:46  Drone  
  15  1:00  Drone  
  16  1:08  Drone  
  17  1:31  Hatchery  
  16  1:37  Roach Warren  
  15  1:47  Queen  
  17  1:58  Metabolic Boost  
  17  2:02  Drone  
  17  2:05  Drone  
  19  2:10  Drone  
  20  2:36  Zergling x4  
  22  2:38  Overlord  
  22  2:53  Drone x2  
  22  2:55  Queen  
  26  3:04  Zergling x2  
  27  3:10  Extractor  
  27  3:11  Drone x2  
  27  3:12  Drone x3  
  31  3:19  Overlord  
  31  3:35  Extractor  
  30  3:50  Roach x2  
  30  3:51  Roach x5  
  44  4:16  Overlord x2  
  44  4:25  Overlord  
  44  4:26  Overlord  
  44  4:34  Drone x2  
  44  4:36  Drone x2  
  48  4:45  Roach x5  
  58  4:46  Roach  
  60  5:02  Spore Crawler  
  60  5:05  Spore Crawler  
  58  5:12  Drone  
  58  5:13  Drone x2  
  61  5:15  Zergling x2  
  61  5:16  Zergling x8  
  64  5:51  Zergling x10  
  64  5:52  Zergling x6  
  72  6:19  Zergling x6  
  72  6:20  Zergling x2  
Tags
 
Add a new tag
Caveats
  • Supply blocks, unpowered buildings, or Contaminate may cause inaccurate times.
  • Supply counts are checked every 10 seconds.